Map: Orbital Shipyard

Players

Fullmetal - Winner!

  • Race: Terran Terran
  • League: Grandmaster

KarrA

  • Race: Terran Terran
  • League: Diamond

VOD

Have the link to the VOD?

Description

Time

  • Played on: Nov. 18, 2015, 1:35 a.m.
  • Length: 9:01
Show
View Real Time Build Order
Export as new Build Order

Fullmetal Terran - Winner!

Build Orders:  

Get SALT Encoding   

  12  0:01  SCV  
  13  0:13  SCV  
  14  0:17  Supply Depot  
  14  0:23  Refinery  
  14  0:28  SCV  
  15  0:40  SCV  
  16  0:46  Barracks  
  16  0:52  SCV  
  17  1:05  SCV  
  18  1:20  SCV  
  19  1:33  Orbital Command  
  19  1:34  Reaper  
  20  1:46  Factory  
  20  1:48  Supply Depot  
  20  1:59  SCV, Refinery  
  21  2:06  Reaper  
  22  2:12  SCV  
  23  2:24  SCV  
  24  2:36  Command Center  
  24  2:37  Starport  
  24  2:42  Hellion  
  26  2:46  Barracks Tech Lab  
  26  2:48  SCV  
  27  3:00  Supply Depot  
  27  3:02  SCV  
  27  3:05  Hellion  
  30  3:25  Banshee  
  33  3:29  SCV  
  31  3:37  Factory Tech Lab  
  30  3:43  SCV  
  26  3:59  SCV  
  20  4:03  SCV  
  17  4:13  Siege Tank  
  17  4:15  SCV, Bunker  
  20  4:28  Supply Depot, SCV  
  20  4:30  Marine  
  21  4:40  SCV  
  19  4:53  SCV  
  19  4:57  SCV, Supply Depot  
  21  5:06  Siege Tank  
  25  5:08  Orbital Command  
  25  5:11  SCV  
  25  5:20  Marine  
  26  5:23  SCV  
  27  5:35  SCV  
  28  5:36  SCV  
  29  5:47  SCV, Factory Reactor  
  29  5:49  Barracks  
  30  5:51  Stimpack  
  30  5:54  SCV, Barracks  
  31  5:58  Starport Reactor  
  31  5:59  SCV  
  32  6:05  Marine  
  32  6:06  SCV  
  32  6:11  SCV  
  35  6:18  SCV  
  36  6:24  Marine  
  37  6:27  SCV  
  37  6:28  Refinery  
  37  6:30  SCV  
  39  6:33  Factory Tech Lab  
  39  6:36  Supply Depot  
  39  6:39  SCV  
  37  6:42  SCV  
  38  6:47  Marine  
  38  6:48  Marine x3  
  38  6:49  Marine  
  38  6:51  SCV  
  44  6:54  SCV  
  44  6:56  Siege Tank, Starport Reactor  
  48  7:02  Engineering Bay  
  48  7:03  SCV  
  48  7:05  Marine x2  
  48  7:06  SCV  
  52  7:09  Marine  
  52  7:11  Marine  
  52  7:12  Marine  
  55  7:18  Supply Depot  
  55  7:19  SCV  
  55  7:20  SCV  
  57  7:25  Marine x2  
  59  7:31  Siege Tank  
  59  7:36  Supply Depot  
  62  7:40  SCV  
  63  7:45  Medivac  
  63  7:46  Medivac  
  63  7:48  SCV  
  68  7:53  Supply Depot, Marine x2  
  70  7:59  Marine  
  70  8:01  SCV  
  70  8:02  Marine  
  70  8:04  Marine  
  74  8:11  SCV, Marine  
  74  8:12  Marine  
  77  8:17  Supply Depot, Marine  
  81  8:20  Siege Tank, Marine  
  81  8:23  Medivac  
  84  8:28  Supply Depot, Marine  
  85  8:35  Refinery  
  85  8:37  SCV  
  85  8:39  Marine x2  
  85  8:40  Marine  
  91  8:45  Supply Depot  
  92  8:51  Supply Depot  
Show
View Real Time Build Order
Export as new Build Order

KarrA Terran 

Build Orders:  

Get SALT Encoding   

  12  0:00  SCV  
  13  0:13  SCV  
  14  0:22  Supply Depot  
  14  0:25  SCV  
  15  0:43  SCV  
  15  0:45  Barracks  
  16  0:53  Supply Depot  
  16  0:55  SCV  
  17  1:02  Barracks  
  17  1:07  SCV  
  18  1:18  Barracks  
  18  1:20  SCV  
  19  1:32  Barracks  
  19  1:42  Orbital Command  
  19  1:47  Marine  
  20  1:57  Barracks  
  20  2:08  Barracks  
  20  2:12  Marine  
  21  2:17  Marine  
  21  2:21  Marine x2  
  23  2:31  Supply Depot  
  23  2:32  Marine  
  23  2:35  Marine  
  25  2:38  Marine  
  25  2:39  Marine  
  27  2:44  Marine  
  27  2:49  Marine  
  29  2:53  Marine  
  29  2:56  Marine  
  29  2:57  Marine x2  
  33  3:02  Marine  
  33  3:04  Supply Depot  
  34  3:07  Marine  
  31  3:29  Marine x2  
  31  3:33  Marine  
  34  3:44  Marine x3  
  37  3:49  Marine  
  35  4:07  Marine x2  
  35  4:08  Marine x2  
  37  4:11  SCV  
  34  4:22  Marine x2  
  32  4:25  Marine x2  
  33  4:31  Marine x2  
  35  4:39  Marine  
  29  4:55  Marine x5  
  31  5:09  Refinery  
  31  5:10  Refinery  
  31  5:18  SCV  
  32  5:39  SCV  
  33  5:44  Command Center  
  33  5:59  Factory  
  33  6:02  SCV  
  33  6:24  Barracks Reactor, Barracks Tech Lab  
  30  6:26  SCV  
  31  6:38  SCV  
  32  6:46  Starport  
  32  6:50  SCV  
  33  6:55  Orbital Command  
  33  7:03  SCV  
  34  7:13  Siege Tank  
  37  7:16  SCV  
  37  7:21  SCV  
  39  7:30  SCV  
  39  7:31  Marine x2  
  39  7:34  Medivac  
  39  7:35  SCV  
  45  7:42  SCV  
  45  7:43  Barracks Tech Lab  
  46  7:45  Refinery  
  46  7:47  Refinery  
  46  7:48  SCV  
  47  7:55  SCV  
  48  8:00  SCV  
  49  8:08  SCV  
  49  8:12  SCV  
  51  8:15  Siege Tank  
  51  8:16  Marine x3  
  57  8:20  SCV  
  57  8:24  SCV, Marine x2  
  60  8:28  Marine  
  61  8:39  Marine x2  
  63  8:42  Supply Depot  
  63  8:43  SCV  
  63  8:46  SCV  
Tags
 
Add a new tag
Caveats
  • Supply blocks, unpowered buildings, or Contaminate may cause inaccurate times.
  • Supply counts are checked every 10 seconds.